 Dungeon Crawl Stone Soup version 0.31-a0-765-g67fe2935dc (webtiles) character file.

Game seed: 3922262700147402624

227853 Skeral the Brawler (level 18, -2/201 HPs)
             Began as a Troll Shapeshifter on Sept 15, 2023.
             Was the Champion of Wu Jian.
             Killed from afar by a merfolk aquamancer (24 damage)
             ... with a shard of ice
             ... on level 2 of the Shoals.
             The game lasted 02:03:45 (26794 turns).

Skeral the Brawler (Troll Shapeshifter)            Turns: 26794, Time: 02:03:45

Health: -2/201     AC: 24    Str: 27    XL:     18   Next: 69%
Magic:  0/17       EV:  8    Int:  8    God:    Wu Jian [******]
Gold:   1317       SH:  0    Dex: 17    Spells: 8/17 levels left

rFire   + .          .
                       - Unarmed
rCold   + . .        (no shield)
rNeg    + + .        m - +6 storm dragon scales of Mosut {Harm rElec rPois rF+ Dex+6, rare}
rPois   +            T - melded +2 hat {SInv}
rElec   +            y - melded +0 cloak
rCorr   +            (gloves unavailable)
SInv    .            (boots unavailable)
Will    +....        G - amulet of guardian spirit Stlth
                     o - +4 ring of protection
HPRegen 1.33/turn    n - ring "Mupet" {rPois rC+ rN++ rCorr Dex-2}
MPRegen 0.15/turn

%: harm (+30% outgoing, +20% incoming), guardian spirit
@: beast-form, engulfed (cannot breathe), studying Long Blades
A: beast (slay +4), large, unfitting armour, claws 3, regeneration 1, shaggy fur
1, tough skin 1, subdued magic 1
}: 1/15 runes: serpentine
a: Begin Untransformation, Renounce Religion, Wall Jump, Serpent's Lash,
Heavenly Storm


You were on level 2 of the Shoals.
You worshipped Wu Jian.
Wu Jian was exalted by your worship.
You were a hulking beast.
You visited 7 branches of the dungeon, and saw 30 of its levels.
You visited the Abyss 1 time.
You also visited: Ice Cave and Volcano.

You collected 4013 gold pieces.
You spent 2696 gold pieces at shops.


Innate Abilities, Weirdness & Mutations

You are a hulking beast.
Your limbs bulge with bestial killing power. (Slay +4)
You are too large for most types of armour.
You have claws for hands.
Your natural rate of healing is unusually fast.
You are covered in fur. (AC +1)
You have tough skin. (AC +1)
Your spells are a little easier to cast, but a little less powerful.


   Skills:
 + Level 17.3 Fighting
 - Level 12.7 Throwing
 - Level 6.0 Armour
 - Level 4.0 Dodging
 - Level 20.0 Unarmed Combat
 - Level 4.8 Translocations
 - Level 3.5 Air Magic
 * Level 12.7 Shapeshifting


You had 8 spell levels left.
You knew the following spells:

 Your Spells              Type           Power      Damage    Failure   Level
a - Apportation           Tloc           10%        N/A       28%         1
b - Blink                 Tloc           10%        N/A       41%         2
l - Lesser Beckoning      Tloc           10%        N/A       41%         2
X - Vhi's Electric Charg  Tloc/Air       10%        N/A       98%         4

Your spell library contained the following spells:

 Spells                   Type           Power      Damage    Failure   Level
 Gell's Gravitas          Tloc           5%         N/A       65%         3
 Teleport Other           Tloc           5%         N/A       65%         3
 Momentum Strike          Conj/Tloc      4%         3d8       77%         2
 Cigotuvi's Dreadful Rot  Necr/Pois/Air  2%         N/A       89%         2
 Necrotise                Necr           0%         1d4       91%         1
 Summon Small Mammal      Summ           0%         N/A       91%         1
 Scorch                   Fire           0%         2d5       97%         2
 Sublimation of Blood     Necr           0%         N/A       97%         2
 Ignite Poison            Fire/Tmut/Pois 0%         N/A       100%        3
 Ozocubu's Armour         Ice            0%         N/A       100%        3
 Tukima's Dance           Hex            0%         N/A       100%        3
 Animate Dead             Necr           0%         N/A       100%        4
 Dimensional Bullseye     Hex/Tloc       1%         N/A       100%        4
 Dispel Undead            Necr           0%         3d6       100%        4
 Flame Wave               Conj/Fire      0%         2d4       100%        4
 Iskenderun's Mystic Bla  Conj/Tloc      2%         2d3       100%        4
 Petrify                  Tmut/Erth      0%         N/A       100%        4
 Sticky Flame             Conj/Fire      0%         2d3       100%        4
 Arcjolt                  Conj/Air       1%         1d11      100%        5
 Borgnjor's Vile Clutch   Necr/Erth      0%         N/A       100%        5
 Fireball                 Conj/Fire      0%         3d3       100%        5
 Irradiate                Conj/Tmut      0%         3d11      100%        5
 Metabolic Englaciation   Hex/Ice        0%         N/A       100%        5
 Summon Forest            Summ/Tloc      1%         N/A       100%        5
 Death Channel            Necr           0%         N/A       100%        6
 Dispersal                Tloc           2%         N/A       100%        6
 Plasma Beam              Fire/Air       1%         2x1d11    100%        6
 Simulacrum               Ice/Necr       0%         N/A       100%        6
 Summon Cactus Giant      Summ           0%         N/A       100%        6
 Ozocubu's Refrigeration  Ice            0%         4d7       100%        7
 Ignition                 Fire           0%         3d3       100%        8
 Polar Vortex             Ice            0%         N/A       100%        9

Inventory:

Missiles
 x - 5 silver javelins
 D - 8 curare-tipped darts {=f}
 E - 9 boomerangs
 I - 61 large rocks {=f}
 N - 2 throwing nets {=f!f}
 O - 70 poisoned darts (quivered)
Armour
 g - a +2 buckler of cold resistance
   (You found it in an ice cave)
 m - the +6 storm dragon scales of Mosut (worn) {Harm rElec rPois rF+ Dex+6, rare}
   (You acquired it on level 1 of the Snake Pit)

   Dex+6:     It affects your dexterity (+6).
   rF+:       It protects you from fire.
   rElec:     It insulates you from electricity.
   rPois:     It protects you from poison Harm: It increases damage dealt and
   taken.
 y - a +0 cloak (melded)
   (You found it on level 5 of the Dungeon)
 T - a +2 hat of see invisible (melded)
   (You took it off Gastronok on level 1 of the Lair of Beasts)
Jewellery
 n - the ring "Mupet" (right claw) {rPois rC+ rN++ rCorr Dex-2}
   (You bought it in a shop on level 2 of the Orcish Mines)

   [ring of resist corrosion]

   Dex-2:     It affects your dexterity (-2).
   rC+:       It protects you from cold.
   rPois:     It protects you from poison rN++: It greatly protects you from
   negative energy.
   rCorr:     It protects you from acid and corrosion.
 o - a +4 ring of protection (left claw)
   (You found it on level 1 of the Dungeon)
 r - a ring of willpower
   (You found it on level 1 of the Orcish Mines)
 v - a ring of see invisible
   (You found it on level 3 of the Dungeon)
 F - a ring of protection from fire
   (You found it on level 7 of the Dungeon)
 G - an amulet of guardian spirit (around neck)
   (You found it on level 6 of the Dungeon)
 L - a ring of flight
   (You found it on level 15 of the Dungeon)
 W - the amulet of Xiaveuqo {Reflect Harm rF++ Int+3 Dex-4 SH+5}
   (You acquired it on level 1 of the Snake Pit)

   [amulet of reflection]

   Reflect:   It reflects blocked missile attacks.
   Int+3:     It affects your intelligence (+3).
   Dex-4:     It affects your dexterity (-4).
   rF++:      It greatly protects you from fire.
   SH+5:      It affects your SH (+5).
   Harm:      It increases damage dealt and taken.
 Y - a +4 ring of slaying
   (You found it on level 6 of the Dungeon)
Talismans
 f - a dragon-blood talisman
   (You bought it in a shop on level 2 of the Orcish Mines)
Wands
 a - a wand of digging (12)
   (You found it on level 10 of the Dungeon)
 u - a wand of acid (27)
   (You found it on level 4 of the Dungeon)
 K - a wand of flame (64)
   (You found it on level 8 of the Dungeon)
 V - a wand of mindburst (16)
   (You found it on level 2 of the Lair of Beasts)
 X - a wand of iceblast (16)
   (You found it on level 1 of the Shoals)
Scrolls
 d - a scroll of enchant armour
 e - 13 scrolls of teleportation {@r4}
 l - 3 scrolls of revelation
 p - 4 scrolls of vulnerability {!r!r}
 t - 2 scrolls of identify {@r1}
 w - 4 scrolls of blinking {!r}
 A - a scroll of fear
 B - 5 scrolls of silence {!r}
 P - 4 scrolls of fog
 Q - 4 scrolls of poison {!r}
Potions
 b - 8 potions of lignification {!q}
 h - 3 potions of ambrosia
 i - 4 potions of might
 j - 5 potions of attraction {!q}
 k - 6 potions of curing {@q1}
 q - 3 potions of mutation {!q}
 s - 2 potions of magic
 z - 3 potions of haste {@q3}
 H - 3 potions of brilliance
 J - 4 potions of enlightenment
 S - 6 potions of invisibility
 U - 6 potions of heal wounds {@q2}
 Z - a potion of cancellation

Dungeon Overview and Level Annotations

Branches:
Dungeon (15/15) Zot: 25718  Temple (1/1) D:6 Zot: 5998    Lair (5/5) D:8 Zot: 25606
 Shoals (2/4) Lair:3 Zot: 10907   Snake (4/4) Lair:2 Zot: 18815   Slime (0/5) Lair:5
    Orc (2/2) D:9 Zot: 10191     Elf (0/3) Orc:2        Vaults (1/5) D:13 Zot: 5687
 Depths (0/4) D:15          IceCv (visited)         Volcano (visited)

Altars:
Ashenzari
Cheibriados
Fedhas
Makhleb
Nemelex Xobeh
Okawaru
Qazlal
Sif Muna
Trog
Vehumet
Wu Jian
Xom
Yredelemnul
Zin
The Shining One

Shops:
D:4 ?(:   Orc:1 (   Orc:2 *==**   Vaults:1 !

Annotations:
D:13 3 runed translucent doors, Peskiq Nyi's ghost, journeyman DjFE
Lair:5 1 runed translucent door
Shoals:2 Ilsuiw
Snake:3 6 transporters, Louise PP~PP~P~..PPP~P

≈≈≈P~~~~~P~P~P~..
≈≈≈≈≈≈≈≈~~~PP~...
≈≈≈≈≈≈≈≈~~~P~..# ≈≈≈≈≈≈≈≈~~~~~.#
≈≈≈≈≈≈≈~))P~~.#
≈≈≈≈≈≈~~P~~~~####)
≈≈≈≈≈≈~PP†)m~.....
≈≈≈≈≈≈≈≈m~†.)hE~~~~~~~~~
≈≈≈≈≈≈≈≈~~~.#Em~~~~~~~~~~
≈≈≈≈≈≈≈≈≈≈~~.#.~~~~~~~~~~.. ~
≈≈≈≈≈≈≈≈≈≈≈~~~.~~~~~~~~~~...# .
≈≈≈≈≈≈≈≈≈≈≈~~~~~~~~~~~~~~..## #.
≈≈≈≈≈≈≈≈≈≈≈~~~~~~~~~~~~~~~..####.
≈≈≈≈~~~≈≈≈~~~~~~.~~~~~~~~~~.....~
≈≈≈≈~.~≈≈≈~~~~~~~~~~..~~~≈~~.....
≈≈≈~~..≈≈≈~~~~..~..#...~~~~~~....


You could see Ilsuiw, a merfolk aquamancer, 2 water elementals and a water
nymph.


Message History

The merfolk closely misses you. The merfolk barely misses you.
Ilsuiw hits you but does no damage. The water elemental hits you. 😮 HP[-2]
You take 2 damage, and now have 115/201 hp.
You claw the merfolk!
Your lungs strain for air! 😮 HP[-1] MP[-1]
You take 1 damage, and now have 114/201 hp.
You lost 1 mp, and now have 9/17 mp.
You mangle the merfolk!!
You kill the merfolk!
The Council accepts your kill.
You hear a splash. x3
Your lungs strain for air!
The merfolk closely misses you.
A water nymph comes into view.
Ilsuiw hits you but does no damage.
The water elemental hits you. 😮 HP[-1] MP[-1]
You take 1 damage, and now have 113/201 hp.
You lost 1 mp, and now have 8/17 mp.
The water nymph shouts!
You mangle the merfolk!!
You kill the merfolk!
The Council accepts your kill.
You hear a splash.
Your lungs strain for air!
The water elemental closely misses you. 😮 HP[-3] MP[-1]
You take 3 damage, and now have 110/201 hp.
You lost 1 mp, and now have 7/17 mp.
You mangle Ilsuiw!!
Your lungs strain for air!
Ilsuiw gestures wildly while chanting.
Ilsuiw sings a water chant to call the tide!
The water elemental misses you. 😮 HP[-2]
You take 2 damage, and now have 108/201 hp.
You scratch Ilsuiw but do no damage. Your claw misses Ilsuiw.
Your lungs strain for air!
The water elemental hits you. Ilsuiw hits you but does no damage.
The water elemental hits you. 😮 HP[-3]
You take 3 damage, and now have 105/201 hp.
You closely miss Ilsuiw. Your claw misses Ilsuiw.
Your lungs strain for air!
You feel less exhausted. 😮 HP[-3]
You take 3 damage, and now have 102/201 hp.
You eviscerate Ilsuiw!!!
* * * LOW HITPOINT WARNING * * *
Your lungs strain for air!
You hear a shout!
The water elemental hits you.
* * * LOW HITPOINT WARNING * * *
The water nymph flows with the water.
Ilsuiw hits you but does no damage.
The water elemental hits you. 😨 HP[-8] MP[-1]
You take 8 damage, and now have 94/201 hp.
You lost 1 mp, and now have 6/17 mp.
You eviscerate Ilsuiw!!! Your claw misses Ilsuiw.
* * * LOW HITPOINT WARNING * * *
Your lungs strain for air!
A merfolk aquamancer comes into view. It is wielding a +0 rapier.
The water elemental hits you. Ilsuiw casts a spell at you.
The shard of ice hits you!! You partially resist.
* * * LOW HITPOINT WARNING * * *
The water elemental closely misses you. 😨 HP[-37] MP[-2]
You take 37 damage, and now have 57/201 hp.
You lost 2 mp, and now have 4/17 mp.
You miss Ilsuiw.
* * * LOW HITPOINT WARNING * * *
Your lungs strain for air! 😨 HP[-5] MP[-1]
You take 5 damage, and now have 52/201 hp.
You lost 1 mp, and now have 3/17 mp.
You miss Ilsuiw. Your claw misses Ilsuiw.
* * * LOW HITPOINT WARNING * * *
Your lungs strain for air!
The water elemental hits you. The water nymph touches you.
* * * LOW HITPOINT WARNING * * *
The water nymph drowns you!
* * * LOW HITPOINT WARNING * * *
Splash!
You fall into the shallow water.
Ilsuiw hits you but does no damage.
The water elemental hits you. 😱 HP[-24] MP[-1]
You take 24 damage, and now have 28/201 hp.
You lost 1 mp, and now have 2/17 mp.
Unknown command.
Press: ? - help, v - describe, . - travel
Here: Ilsuiw, wielding a +1 trident of freezing and wearing a +2 robe of resistance (almost dead) Some shallow water.
You scratch Ilsuiw but do no damage.
* * * LOW HITPOINT WARNING * * *
Your lungs strain for air!
The merfolk aquamancer gestures at you while chanting.
The shard of ice hits you!! You partially resist.
You die...

Skill      XL: |  1  2  3  4  5  6  7  8  9 10 11 12 13 14 15 16 17 18 |
---------------+-------------------------------------------------------+-----
Fighting       | 1 2 3 4 5 7 9 10 11 12 13 14 15 16 17 | 17.3
Unarmed Combat | 4 5 6 7 9 11 12 14 16 18 19 20 | 20.0
Shapeshifting  | 4 5 6 7 10 12 | 12.7
Throwing       | 1 4 6 9 11 12 | 12.7
Dodging        | 3 4 |  4.0
Armour         | 2 5 6 |  6.0
Translocations | 3 4 |  4.8
Air Magic      | 3 |  3.5

Action                     |  1- 3 |  4- 6 |  7- 9 | 10-12 | 13-15 | 16-18 || total
---------------------------+-------+-------+-------+-------+-------+-------++-------
  Melee: Unarmed           |   103 |   110 |   188 |   449 |   865 |  1046 ||  2761
         Punch             |       |       |     9 |    30 |   117 |   131 ||   287
  Throw: Dart              |       |       |     8 |    42 |     8 |    40 ||    98
         Boomerang         |       |       |       |     3 |       |       ||     3
         Large rock        |       |       |       |       |     3 |       ||     3
 Invoke: Serpent's Lash    |       |       |     1 |     6 |     8 |    13 ||    28
         Heavenly Storm    |       |       |       |     1 |       |       ||     1
Ability: Lunge             |    15 |    16 |    23 |    52 |   127 |   139 ||   372
         Whirlwind         |     4 |     2 |     7 |    42 |    23 |    66 ||   144
  Evoke: Wand              |       |       |       |     2 |     7 |     1 ||    10
    Use: Scroll            |       |     6 |     3 |     6 |     8 |    14 ||    37
         Potion            |       |       |       |     1 |     2 |     3 ||     6
   Stab: Sleeping          |     1 |       |       |       |       |       ||     1
         Petrified         |       |       |       |       |     6 |       ||     6
 Armour: Animal skin       |    54 |    52 |   126 |    98 |       |       ||   330
         Acid dragon scale |       |       |       |   199 |   222 |       ||   421
         Storm dragon scal |       |       |       |       |   516 |   763 ||  1279
         Skin              |       |       |       |       |    19 |       ||    19
  Dodge: Dodged            |    25 |    28 |    69 |   147 |   243 |   203 ||   715
   Form: Flux              |       |       |     1 |     2 |       |       ||     3
         Beast             |       |       |     1 |     2 |       |     2 ||     5
                           |       |       |       |       |       |     1 ||     1
         Dragon            |       |       |       |       |       |     1 ||     1

Levels and vault maps discovered:
D:1:      dpeg_arrival_round_a, layout_loops_corners,
          ebering_ecumenical_altar_petrified, corexii_item_surrounded_by_moat,
          minmay_cut_off
D:2:      layout_basic, basic_altar
D:3:      kennysheep_the_goblin_king, layout_loops_corners, uniq_ijyb
D:4:      layout_loops_corners, okawaru_ov_weapons_minmay, serial_shops, shop,
          nicolae_shop_overgrown_old_shop, nicolae_shop_peninsula,
          chequers_serial_rivers_large_a, uniq_edmund, uniq_pikel
D:5:      layout_rooms, uniq_grinder, uniq_blork_the_orc, uniq_sigmund,
          uniq_crazy_yiuf_cottage
D:6:      layout_cave_pools, nicolae_wu_jian_immortal_techniques,
          temple_doors_ab, lemuel_flame_loot_1
D:7:      layout_rooms, lightli_temple_of_fire, grunt_temple_overflow_octagram
D:8:      layout_basic, erik_lair_orcish_takeover
D:9:      layout_small_grid, mainiacjoe_overflow_surrounded_room, david_orc_3
D:10:     layout_loops_corners, nicolae_overflow_crystal_walls,
          mainiacjoe_overflow_alcove_4
D:11:     layout_rooms, portal_ice_cave_entry_ice_simulacra
D:12:     layout_basic, chequers_serial_rivers_micro_a,
          chequers_serial_rivers_micro_d, kennysheep_cross_room
D:13:     layout_small_grid, hangedman_vaults_entry_quadrant_bands,
          gammafunk_ghost_split, chequers_arboretum, hangedman_fish_farm
D:14:     layout_rooms, nrook_mini_backslash, serial_bayou_crossing
D:15:     gammafunk_depths_entry_grave, layout_loops_ring,
          chequers_serial_rivers_room_b, chequers_serial_rivers_room_a,
          uniq_rupert
Temple:   chequers_temple_sunken
Lair:1:   layout_loops_ring, nicolae_volcano_entry_lava_flow, uniq_gastronok
Lair:2:   layout_misc_corridors, minmay_snake_entry_guardpost_small,
          nicolae_quartered_pool_super, lemuel_fruit_fields
Lair:3:   layout_small_grid, minmay_shoals_entry_beasts, nzn_random_ring,
          uniq_josephine
Lair:4:   layout_cave_pods, chequers_serial_rivers_micro_a, uniq_kirke
Lair:5:   gammafunk_lair_ancient_temple, layout_regular_city,
          nicolae_slime_entry_field_trip, pdpol_lair_cabin_in_the_woods
Shoals:1: layout_shoals
Shoals:2: layout_shoals, nicolae_shoals_water_shrine, uniq_ilsuiw
Snake:1:  minmay_snake_river, layout_basic, basic_altar, grunt_ministairs_9,
          nicolae_snake_scaly_snakehead
Snake:2:  layout_honeycomb, nicolae_coiled_stairwell_up
Snake:3:  layout_layer_cave, serial_nicolae_subway, nicolae_sub_station_crystal,
          nicolae_sub_station_metal, nicolae_sub_station_stone,
          grunt_megastairs_5, uniq_louise
Snake:4:  snake_pit, layout_basic, nicolae_snake_shapes
Orc:1:    giant_chief_lemuel, layout_caves, serial_shops,
          nicolae_shop_just_a_little_nook, roderic_batcave,
          lightli_church_of_beogh
Orc:2:    st_orc_open, layout_diamond_mine, basic_altar, serial_shops,
          nicolae_shop_overgrown_old_shop
Vaults:1: vaults_dpeg_encased_lava, nicolae_vaults_circle_grid_a,
          nicolae_vaults_stairing_the_circle, vaults_room_guarded_vault,
          nicolae_vaults_house_2, ontoclasm_vaults_pinch,
          nicolae_vaults_frosty_reception, nicolae_vaults_little_squares_6,
          v_misc_25, ontoclasm_vaults_ligature, nicolae_vaults_double_plus_3,
          v_pattern_3, ontoclasm_vaults_ring_small, hangedman_vaults_locks,
          vaults_room_pool, nicolae_vaults_oval_intersection,
          layout_vaults_maze, serial_shops, nicolae_shop_behind_doors

Notes
Turn   | Place    | Note
-------+----------+-------------------------------------------
     0 | D:1      | Skeral the Troll Shapeshifter began the quest for the Orb.
     0 | D:1      | Reached XP level 1. HP: 18/18 MP: 0/0
     0 | D:1      | magus.rc [v1.10.3]
    38 | D:1      | Reached skill level 1 in Fighting
    63 | D:1      | Reached XP level 2. HP: 27/27 MP: 1/1
   349 | D:1      | Found a faded altar of an unknown god.
   367 | D:1      | Prayed at the altar of an unknown god.
   367 | D:1      | Became a worshipper of the Wu Jian Council
   367 | D:1      | Reached * piety under Wu Jian
   944 | D:2      | Reached XP level 3. HP: 35/35 MP: 2/2
  1021 | D:2      | Found a bloodstained altar of Trog.
  1169 | D:2      | Reached skill level 2 in Fighting
  1616 | D:2      | Reached ** piety under Wu Jian
  1661 | D:3      | Reached skill level 4 in Unarmed Combat
  1770 | D:3      | Noticed Ijyb
  1778 | D:3      | Paralysed by Ijyb for 3 turns
  1782 | D:3      | Killed Ijyb
  1783 | D:3      | Reached XP level 4. HP: 42/42 MP: 3/3
  1893 | D:3      | Identified the +5 long sword of Subjectivity {elec, Will+}
  2225 | D:3      | Reached XP level 5. HP: 50/50 MP: 4/4
  2364 | D:3      | You add the spells Gell's Gravitas, Teleport Other and
                  | Dispersal to your library.
  2677 | D:4      | Found Ituc Bimozi's Book Shoppe.
  2695 | D:4      | Noticed a phantom
  2706 | D:4      | Killed a phantom
  2707 | D:4      | Reached skill level 3 in Fighting
  2707 | D:4      | Reached XP level 6. HP: 61/61 MP: 5/5
  2796 | D:4      | Found Geduurr's Magic Scroll Emporium.
  2798 | D:4      | Found Rot Xoe's Antique Weapon Emporium.
  2804 | D:4      | Bought a scroll of teleportation for 33 gold pieces
  2804 | D:4      | Bought a scroll of blinking for 82 gold pieces
  2804 | D:4      | Bought a scroll of identify for 22 gold pieces
  3063 | D:4      | Found an iron altar of Okawaru.
  3067 | D:4      | Noticed Pikel
  3088 | D:4      | Reached skill level 4 in Shapeshifting
  3107 | D:4      | Killed Pikel
  3108 | D:4      | Reached skill level 4 in Fighting
  3108 | D:4      | Reached skill level 5 in Unarmed Combat
  3108 | D:4      | Reached XP level 7. HP: 38/70 MP: 6/6
  3131 | D:4      | Identified the +1 spear of Famine {venom, rF- rCorr Int+5}
  3148 | D:4      | You add the spells Ozocubu's Armour and Ozocubu's
                  | Refrigeration to your library.
  3179 | D:4      | Noticed Edmund
  3186 | D:4      | Killed Edmund
  3187 | D:4      | Reached skill level 6 in Unarmed Combat
  3187 | D:4      | Reached skill level 5 in Shapeshifting
  3360 | D:4      | Reached *** piety under Wu Jian
  3569 | D:5      | Entered Level 5 of the Dungeon
  3640 | D:5      | Reached XP level 8. HP: 79/79 MP: 7/7
  3713 | D:5      | Noticed Blork the orc
  3722 | D:5      | Killed Blork the orc
  3746 | D:5      | Noticed Sigmund
  3761 | D:5      | Killed Sigmund
  3762 | D:5      | Reached skill level 5 in Fighting
  3798 | D:5      | Reached skill level 6 in Shapeshifting
  3801 | D:5      | Noticed Grinder
  3809 | D:5      | Reached skill level 7 in Unarmed Combat
  3814 | D:5      | Killed Grinder
  3927 | D:5      | Found a runed translucent door.
  3928 | D:5      | Noticed Crazy Yiuf
  3936 | D:5      | Killed Crazy Yiuf
  4199 | D:6      | Reached XP level 9. HP: 72/89 MP: 8/8
  4310 | D:6      | Reached skill level 6 in Fighting
  4588 | D:6      | Found a staircase to the Ecumenical Temple.
  4593 | Temple   | Entered the Ecumenical Temple
  4691 | D:6      | Found an ornate altar of the Wu Jian Council.
  4786 | D:4      | Bought a scroll of identify for 22 gold pieces
  4786 | D:4      | Bought a scroll of teleportation for 33 gold pieces
  4786 | D:4      | Bought a scroll of blinking for 82 gold pieces
  4786 | D:4      | Bought a scroll of blinking for 82 gold pieces
  4943 | D:7      | Reached skill level 8 in Unarmed Combat
  4943 | D:7      | Reached skill level 7 in Shapeshifting
  5100 | D:7      | Reached **** piety under Wu Jian
  5286 | D:7      | Noticed a boulder beetle
  5306 | D:7      | HP: 23/92 [boulder beetle (17)]
  5307 | D:7      | Killed a boulder beetle
  5308 | D:7      | Reached skill level 7 in Fighting
  5308 | D:7      | Reached skill level 9 in Unarmed Combat
  5392 | D:8      | Found a staircase to the Lair.
  5395 | D:8      | Reached XP level 10. HP: 101/102 MP: 9/9
  5713 | D:8      | Identified the +1 ring mail "Tufeadua" {Rampage Int+3}
  5772 | D:8      | Reached skill level 8 in Fighting
  5772 | D:8      | Reached skill level 10 in Unarmed Combat
  6278 | D:9      | Found a staircase to the Orcish Mines.
  6294 | D:9      | Reached ***** piety under Wu Jian
  6426 | D:9      | Noticed a cyclops
  6440 | D:9      | Killed a cyclops
  6537 | D:9      | Reached skill level 11 in Unarmed Combat
  6635 | D:9      | Reached skill level 9 in Fighting
  6651 | D:9      | Found a snail-covered altar of Cheibriados.
  7015 | D:10     | Entered Level 10 of the Dungeon
  7021 | D:10     | Noticed a two-headed ogre
  7034 | D:10     | Killed a two-headed ogre
  7035 | D:10     | Reached skill level 1 in Throwing
  7035 | D:10     | Reached XP level 11. HP: 40/115 MP: 3/10
  7052 | D:10     | You pick up a book of Lightning and begin reading...
  7052 | D:10     | You add the spells Vhi's Electric Charge, Arcjolt and
                  | Plasma Beam to your library.
  7058 | D:10     | Learned a level 4 spell: Vhi's Electric Charge
  7155 | D:10     | Found a basalt altar of Yredelemnul.
  7271 | D:10     | Found a glowing silver altar of Zin.
  7336 | D:10     | You pick up a book of Decay and begin reading...
  7336 | D:10     | You add the spells Cigotuvi's Dreadful Rot, Dispel Undead
                  | and Death Channel to your library.
  7539 | D:10     | Noticed a two-headed ogre
  7544 | D:10     | Killed a two-headed ogre
  7545 | D:10     | Reached skill level 2 in Throwing
  7897 | D:11     | Found a frozen archway.
  7926 | D:11     | Reached skill level 3 in Throwing
  8031 | IceCv    | Entered an ice cave
  8073 | IceCv    | Reached skill level 2 in Dodging
  8119 | IceCv    | Reached skill level 1 in Armour
  8119 | IceCv    | Reached skill level 12 in Unarmed Combat
  8223 | IceCv    | Reached skill level 10 in Fighting
  8282 | IceCv    | Reached skill level 4 in Throwing
  8282 | IceCv    | Reached skill level 2 in Armour
  8298 | IceCv    | Reached skill level 3 in Dodging
  8451 | IceCv    | Reached XP level 12. HP: 112/126 MP: 9/11
  8475 | IceCv    | Noticed a death yak
  8475 | IceCv    | Noticed a death yak
  8496 | IceCv    | Killed a death yak
  8501 | IceCv    | Killed a death yak
  8502 | IceCv    | Reached skill level 3 in Armour
  8542 | IceCv    | Noticed a death yak
  8542 | IceCv    | Noticed a frost giant
  8543 | IceCv    | Noticed a death yak
  8561 | IceCv    | Killed a death yak
  8566 | IceCv    | Killed a death yak
  8567 | IceCv    | Reached skill level 5 in Throwing
  8580 | IceCv    | HP: 10/127 [frost giant/bolt of cold (52)]
  8658 | IceCv    | Killed a frost giant
  8658 | IceCv    | Reached skill level 4 in Dodging
  8842 | IceCv    | You pick up a book of Ice and begin reading...
  8842 | IceCv    | You add the spells Simulacrum and Polar Vortex to your
                  | library.
  9268 | D:12     | Noticed a boulder beetle
  9285 | D:12     | Killed a boulder beetle
  9286 | D:12     | Reached skill level 4 in Armour
  9542 | D:12     | Reached skill level 13 in Unarmed Combat
  9640 | D:12     | You fall into a shaft and drop 1 floor!
  9735 | D:13     | Noticed a boulder beetle
  9747 | D:13     | Killed a boulder beetle
  9767 | D:13     | Noticed a tengu warrior
  9778 | D:13     | Killed a tengu warrior
  9779 | D:13     | Reached skill level 6 in Throwing
  9840 | D:13     | Reached ****** piety under Wu Jian
  9891 | D:13     | Found a runed translucent gate.
  9891 | D:13     | Found a runed translucent gate.
  9891 | D:13     | Found a runed translucent gate.
  9919 | D:13     | Reached skill level 11 in Fighting
  9924 | D:13     | Reached skill level 5 in Armour
  9936 | D:13     | Reached skill level 14 in Unarmed Combat
  9941 | D:13     | HP: 30/130 [fire elemental[a deep elf pyromancer] (10)]
 10012 | D:13     | Noticed a death knight
 10012 | D:13     | Noticed a seven-headed hydra
 10013 | D:13     | Noticed Peskiq Nyi's ghost (journeyman DjFE)
 10013 | D:13     | Noticed an ettin
 10076 | D:13     | Reached XP level 13. HP: 95/137 MP: 7/12
 10089 | D:13     | Found a gate to the Vaults.
 10425 | D:13     | Reached skill level 15 in Unarmed Combat
 11012 | Lair:1   | Entered Level 1 of the Lair of Beasts
 11016 | Lair:1   | Reached skill level 1 in Translocations
 11032 | Lair:1   | Reached skill level 1 in Air Magic
 11216 | Lair:1   | Found a dark tunnel.
 11221 | Lair:1   | Noticed Gastronok
 11231 | Lair:1   | Killed Gastronok
 11263 | Volcano  | Entered a volcano
 11268 | Volcano  | You are cast into the Abyss!
 11268 | Abyss:2  | Cast into level 2 of the Abyss (a wizard)
 11325 | Abyss:2  | Noticed a bone dragon
 11354 | Abyss:2  | Reached skill level 2 in Translocations
 11369 | Abyss:2  | Reached skill level 2 in Air Magic
 11373 | Abyss:2  | Found a corrupted altar of Lugonu.
 11399 | Abyss:2  | Noticed an Executioner
 11406 | Abyss:2  | Killed an Executioner
 11407 | Abyss:2  | Reached skill level 12 in Fighting
 11490 | Abyss:2  | Gained mutation: Your spells are easier to cast, but less
                  | powerful. [a neqoxec]
 11544 | Abyss:2  | Reached skill level 16 in Unarmed Combat
 11544 | Abyss:2  | Reached skill level 3 in Translocations
 11636 | Abyss:2  | HP: 35/140 [hellwing (4)]
 11638 | Abyss:2  | HP: 17/140 [hellwing (6)]
 11724 | Abyss:2  | Noticed a white draconian stormcaller
 11730 | Volcano  | You pass through the gate.
 11730 | Volcano  | Escaped the Abyss
 11740 | Volcano  | Reached skill level 3 in Air Magic
 11867 | Volcano  | Reached XP level 14. HP: 128/149 MP: 10/13
 12245 | Lair:2   | r - +0 storm dragon scales {rare}
 12344 | Lair:2   | You finish putting on your +0 storm dragon scales {rare}.
 12567 | Lair:2   | Found a staircase to the Snake Pit.
 12802 | Lair:3   | Found a staircase to the Shoals.
 12803 | Lair:3   | Noticed Josephine
 12819 | Lair:2   | Reached skill level 17 in Unarmed Combat
 12957 | Lair:3   | Killed Josephine
 12961 | Lair:3   | Identified the +0 pair of boots of Gisic {rC+ Dex+4}
 13053 | Lair:3   | Reached skill level 13 in Fighting
 13074 | Lair:3   | You pick up a book of Weapons and begin reading...
 13074 | Lair:3   | You add the spells Tukima's Dance, Dimensional Bullseye and
                  | Iskenderun's Mystic Blast to your library.
 13626 | Lair:4   | You pick up a book of Unlife and begin reading...
 13626 | Lair:4   | You add the spells Animate Dead and Borgnjor's Vile Clutch
                  | to your library.
 13634 | Lair:3   | Reached skill level 18 in Unarmed Combat
 13682 | Lair:3   | Identified the +10 plate armour of the Black Moon {rElec
                  | Int+3 Dex-2}
 14005 | Lair:4   | Noticed Kirke
 14011 | Lair:4   | your +0 storm dragon scales {rare} melds into your body.
 14036 | Lair:3   | HP: 37/153 [bullfrog (6)]
 14041 | Lair:3   | HP: 34/153 [bullfrog (4)]
 14069 | Lair:3   | your +0 storm dragon scales {rare} unmelds from your body.
 14334 | Lair:4   | your +0 storm dragon scales {rare} melds into your body.
 14343 | Lair:4   | Killed Kirke
 14343 | Lair:4   | your +0 storm dragon scales {rare} unmelds from your body.
 14578 | Lair:5   | Entered Level 5 of the Lair of Beasts
 14652 | Lair:5   | Found a staircase to the Slime Pits.
 14711 | Lair:5   | You pick up a book of Scorching and begin reading...
 14711 | Lair:5   | You add the spells Scorch, Flame Wave and Summon Cactus
                  | Giant to your library.
 14793 | Lair:5   | Reached XP level 15. HP: 161/161 MP: 14/14
 14817 | Lair:5   | Found a runed translucent door.
 14817 | Lair:5   | Found the +10 zealot's sword {holy, Zealotry, *Rage rN+
                  | EV+3}
 14818 | Lair:5   | Noticed a tentacled starspawn
 15025 | Lair:5   | Reached skill level 7 in Throwing
 15025 | Lair:5   | Reached skill level 6 in Armour
 15552 | Lair:5   | Identified the +8 trident "Jynis" {pain, Dex+2}
 15673 | Lair:5   | Reached skill level 14 in Fighting
 15862 | Shoals:1 | Entered Level 1 of the Shoals
 15889 | Shoals:1 | Reached skill level 19 in Unarmed Combat
 15893 | Shoals:1 | Reached skill level 8 in Throwing
 16688 | Lair:3   | magus.rc [v1.10.3]
 16723 | Snake:1  | Entered Level 1 of the Snake Pit
 16731 | Snake:1  | You fall into a shaft and drop 1 floor!
 17042 | Snake:2  | Noticed a nagaraja
 17048 | Snake:2  | Killed a nagaraja
 17187 | Snake:2  | Reached skill level 9 in Throwing
 17281 | Snake:2  | Identified the +5 scale mail of Gozag's Delight {Rampage
                  | rF+ rCorr Slay+3}
 17388 | Snake:2  | Noticed a nagaraja
 17401 | Snake:2  | Killed a nagaraja
 17402 | Snake:2  | Reached XP level 16. HP: 119/174 MP: 9/15
 17548 | Snake:1  | Found a bloodstained altar of Trog.
 17979 | Snake:1  | Reached skill level 15 in Fighting
 17997 | Snake:1  | Reached skill level 10 in Throwing
 18049 | Snake:1  | HP: 40/176 [naga sharpshooter/bolt (25)]
 18054 | Snake:1  | HP: 18/176 [naga sharpshooter/bolt (13)]
 18223 | Snake:1  | Reached skill level 20 in Unarmed Combat
 18510 | Snake:1  | You pick up a book of Alchemy and begin reading...
 18510 | Snake:1  | You add the spells Sublimation of Blood, Petrify and
                  | Irradiate to your library.
 18513 | Snake:1  | Identified 2 scrolls of acquirement
 18514 | Snake:1  | Acquired the amulet of Xiaveuqo {Reflect Harm rF++ Int+3
                  | Dex-4 SH+5}
 18522 | Snake:1  | Acquired the +6 storm dragon scales of Mosut {Harm rElec
                  | rPois rF+ Dex+6}
 18523 | Snake:1  | m - the +6 storm dragon scales of Mosut {Harm rElec rPois
                  | rF+ Dex+6, rare}
 18529 | Snake:1  | You finish taking off your +0 storm dragon scales {rare}.
 18534 | Snake:1  | You finish putting on the +6 storm dragon scales of Mosut
                  | {Harm rElec rPois rF+ Dex+6, rare}.
 18534 | Snake:1  | You drop +0 storm dragon scales {rare}.
 19041 | Snake:3  | Noticed Louise
 19133 | Snake:3  | Found a transporter.
 19133 | Snake:3  | Found a transporter.
 19218 | Snake:3  | Reached skill level 11 in Throwing
 19325 | Snake:3  | Found a transporter.
 19326 | Snake:3  | Found a transporter.
 19348 | Snake:3  | Found a transporter.
 19349 | Snake:3  | Found a transporter.
 19353 | Snake:3  | You pick up a book of Cantrips and begin reading...
 19353 | Snake:3  | You add the spells Necrotise, Summon Small Mammal and
                  | Apportation to your library.
 20138 | Snake:4  | Entered Level 4 of the Snake Pit
 20296 | Snake:4  | Reached XP level 17. HP: 185/185 MP: 16/16
 20445 | Snake:4  | Reached skill level 8 in Shapeshifting
 20702 | Snake:4  | Reached skill level 16 in Fighting
 21110 | Snake:4  | Reached skill level 12 in Throwing
 21253 | Snake:4  | Reached skill level 9 in Shapeshifting
 21617 | Snake:4  | Got a serpentine rune of Zot
 22048 | Lair:2   | Learned a level 1 spell: Apportation
 22183 | D:4      | Bought a scroll of blinking for 82 gold pieces
 22183 | D:4      | Bought a scroll of teleportation for 33 gold pieces
 22183 | D:4      | Bought a scroll of enchant armour for 82 gold pieces
 22230 | D:4      | Bought a book of Spatial Translocations for 252 gold pieces
 22230 | D:4      | You pick up a book of Spatial Translocations and begin
                  | reading...
 22230 | D:4      | You add the spells Blink, Momentum Strike and Lesser
                  | Beckoning to your library.
 22233 | D:4      | Learned a level 2 spell: Blink
 22236 | D:4      | Learned a level 2 spell: Lesser Beckoning
 22312 | Orc:1    | Entered Level 1 of the Orcish Mines
 22367 | Orc:1    | Found a runed translucent door.
 22377 | Orc:1    | Reached skill level 4 in Translocations
 22446 | Orc:1    | Paralysed by something for 3 turns
 22779 | Orc:1    | Found Oroenat's Weapon Emporium.
 23046 | Orc:2    | Entered Level 2 of the Orcish Mines
 23092 | Orc:2    | Found Qothiv's Assorted Antiques.
 23108 | Orc:2    | Bought a scroll of identify for 78 gold pieces
 23108 | Orc:2    | Bought a potion of heal wounds for 195 gold pieces
 23114 | Orc:2    | Paralysed by an orc sorcerer for 3 turns
 23222 | Orc:2    | Found a staircase to the Elven Halls.
 23288 | Orc:2    | Found a burning altar of Makhleb.
 23413 | Orc:2    | Found Cuaf's Assorted Antiques.
 23433 | Orc:2    | Found Ovemnucw's Jewellery Boutique.
 23442 | Orc:2    | Found Ewuc's Assorted Antiques.
 23490 | Orc:2    | Bought a dragon-blood talisman for 1040 gold pieces
 23492 | Orc:2    | Found Guty's Jewellery Shop.
 23520 | Orc:2    | Bought the ring "Mupet" {rPois rC+ rN++ rCorr Dex-2} for
                  | 578 gold pieces
 23576 | Orc:2    | the +6 storm dragon scales of Mosut {Harm rElec rPois rF+
                  | Dex+6, rare} melds into your body.
 23581 | Orc:2    | the +6 storm dragon scales of Mosut {Harm rElec rPois rF+
                  | Dex+6, rare} unmelds from your body.
 23785 | Orc:1    | Reached skill level 10 in Shapeshifting
 23876 | Orc:1    | Identified the +1 pair of boots of the Several Beasts {rF+
                  | Str+2 Int-5}
 24020 | Orc:1    | Reached XP level 18. HP: 172/198 MP: 15/17
 24086 | Orc:1    | Found the +7 lajatang of Order {silver, rMut}
 24089 | Orc:1    | Identified the +7 orcbow of Pablalie {elec, rPois rN+
                  | Will-}
 24096 | Orc:1    | Identified the +5 hand axe of Weak Honour {drain, *Noise
                  | rElec Str+5 Dex+4}
 24128 | Orc:1    | You add the spells Fireball and Summon Forest to your
                  | library.
 24128 | Orc:1    | Got the Secrets of Nonlocality and the Inferno
 24353 | D:14     | magus.rc [v1.10.3]
 24783 | D:15     | Entered Level 15 of the Dungeon
 24809 | D:15     | Reached skill level 11 in Shapeshifting
 24911 | D:15     | Identified the +3 long sword of Jinetalorchy {spect, Will++
                  | Str-2 Int+3}
 24927 | D:15     | You pick up a book of Winter and begin reading...
 24957 | D:15     | Noticed Rupert
 24971 | D:15     | Killed Rupert
 25000 | D:15     | Found a staircase to the Depths.
 25151 | D:15     | Reached skill level 17 in Fighting
 25645 | Vaults:1 | Entered Level 1 of the Vaults
 25668 | Vaults:1 | Found Xiqaqo's Distillery.
 25687 | Vaults:1 | You add the spells Ignite Poison, Sticky Flame and Ignition
                  | to your library.
 25962 | Vaults:1 | Reached skill level 12 in Shapeshifting
 26273 | D:13     | magus.rc [v1.10.3]
 26764 | Shoals:2 | Noticed Ilsuiw
 26793 | Shoals:2 | HP: 46/201 [drowned by a water elemental[Ilsuiw] (6)]
 26794 | Shoals:2 | HP: 21/201 [drowned by a water elemental[Ilsuiw] (7)]
 26794 | Shoals:2 | Killed from afar by a merfolk aquamancer

Vanquished Creatures
  Rupert (D:15)
  A kraken (Shoals:2)
  Kirke (Lair:4)
  Gastronok (Lair:1)
  An Executioner (Abyss:2)
  7 nagarajas
  A fire giant (Orc:1)
  2 vault wardens (Vaults:1)
  2 frost giants
  An orc warlord (Orc:1)
  A formless jellyfish (Vaults:1)
  A war gargoyle (Vaults:1)
  An ironbound thunderhulk (D:13)
  2 ettins
  2 merfolk impalers
  A merfolk javelineer (Shoals:2)
  Josephine (Lair:3)
  4 vault guards (Vaults:1)
  A peacekeeper (Vaults:1)
  A merfolk avatar (Lair:5)
  8 salamander tyrants
  4 hydras
  5 ogre magi
  19 anacondas
  A catoblepas (Lair:4)
  21 two-headed ogres
  7 boulder beetles
  A dancing weapon (Volcano)
  22 naga warriors
  3 centaur warriors
  A merfolk aquamancer (Shoals:2)
  12 naga sharpshooters
  6 death yaks
  A tengu warrior (D:13)
  2 thrashing horrors (Abyss:2)
  6 shock serpents
  A vampire mage (D:15)
  A wretched star (Abyss:2)
  2 skysharks (Lair:3)
  An iron troll (Orc:2)
  5 skeletal warriors (D:15)
  A spark wasp zombie (D:15)
  5 salamander mystics
  2 deep trolls
  11 sea snakes
  7 naga ritualists
  Pikel (D:4)
  2 ironbound convokers (Vaults:1)
  5 wizards (Volcano)
  2 orc knights
  A deep elf archer (D:13)
  9 harpies
  4 deep elf pyromancers
  3 deep elf zephyrmancers (D:13)
  A necromancer (D:15)
  A stone giant zombie (D:15)
  3 orc sorcerers (Orc:2)
  An oklob plant (Lair:4)
  16 cyclopes
  5 mana vipers
  A shadow dragon skeleton (D:15)
  A frost giant zombie (D:15)
  7 fauns (Shoals:1)
  8 manticores
  10 ugly things
  14 salamanders
  5 toenail golems (Volcano)
  8 elephants
  An apocalypse crab (Abyss:2)
  An ice statue (IceCv)
  35 black mambas
  4 merfolk sirens
  4 guardian serpents
  2 smoke demons (Abyss:2)
  3 vault sentinels (Vaults:1)
  22 naga magi
  4 water nymphs
  A molten gargoyle (Orc:1)
  10 cane toads
  An orange demon (Abyss:2)
  3 large abominations (Abyss:2)
  2 torpor snails
  5 rime drakes
  17 komodo dragons
  5 kobold demonologists
  7 yaktaurs (Vaults:1)
  An unseen horror (D:12)
  A guardian mummy (D:15)
  2 tengu conjurers
  2 ancient zymes (Abyss:2)
  7 merfolk
  12 trolls
  Grinder (D:5)
  4 hellwings (Abyss:2)
  4 raiju (Abyss:2)
  A harpy skeleton (Abyss:2)
  14 polar bears
  A hornet (Lair:4)
  6 wind drakes
  18 dream sheep
  21 blink frogs
  3 snapping turtles
  Sigmund (D:5)
  A ynoxinul (Abyss:2)
  A vampire (D:13)
  9 wraiths
  6 wyverns
  3 water elementals
  A shadow (D:8)
  5 hogs (Lair:4)
  A human (Lair:5)
  41 yaks
  2 hogs (shapeshifter)
  A chaos spawn (Abyss:2)
  18 vampire mosquitoes
  5 basilisks
  A neqoxec (Abyss:2)
  A steam dragon (D:9)
  Edmund (D:4)
  6 wargs
  34 nagas
  4 acid dragons
  11 water moccasins
  2 sky beasts
  3 black bears
  4 ice beasts
  20 orc warriors
  33 ogres
  2 lemures (D:4)
  30 wolves
  2 centaurs
  A phantom (D:4)
  7 kobold brigands
  Blork the orc (D:5)
  2 gnoll sergeants (D:12)
  10 bullfrogs
  A two-headed ogre simulacrum (D:11)
  A small abomination (Abyss:2)
  5 wights (D:8)
  10 killer bees
  A vampire bat (Orc:1)
  10 howler monkeys
  A lava snake (Orc:1)
  2 quasits (Abyss:2)
  3 hounds
  Crazy Yiuf (D:5)
  6 jellies
  15 orc priests
  A gnoll bouda (D:7)
  An iron imp (Abyss:2)
  Ijyb (D:3)
  2 sleepcaps
  20 orc wizards
  6 hell rats
  A troll simulacrum (D:11)
  2 spriggan simulacra (D:11)
  16 gnolls
  13 adders
  A naga simulacrum (D:11)
  2 white imps
  4 ufetubi
  4 dart slugs
  70 orcs
  13 bats
  6 endoplasms
  3 giant cockroaches
  14 goblins
  4 hobgoblins
  5 jackals
  23 kobolds
  3 quokkas
  6 ball pythons
  4 frilled lizards
  4 rats
  4 tentacles (Shoals:2)
1080 creatures vanquished.

Vanquished Creatures (others)
  An orc (D:6)
  9 tentacles (Shoals:2)
10 creatures vanquished.

Grand Total: 1090 creatures vanquished

Table legend:
 A = Non-vault XP
 B = Vault XP
 C = Vault XP percentage of total XP
 D = Non-vault monster count
 E = Vault monster count
 F = Vault count percentage of total count
                 A         B        C        D         E       F
            +---------+---------+-------+---------+---------+-------
      Total |  198026 |  151607 |  43.4 |     703 |     371 |  34.5
            +---------+---------+-------+---------+---------+-------
        D:1 |      33 |       7 |  17.5 |      18 |       4 |  18.2
        D:2 |      45 |       0 |   0.0 |      19 |       0 |   0.0
        D:3 |     136 |      49 |  26.5 |      22 |       8 |  26.7
        D:4 |     171 |     824 |  82.8 |      14 |       2 |  12.5
        D:5 |     543 |     666 |  55.1 |      13 |       4 |  23.5
        D:6 |     696 |       0 |   0.0 |      15 |       0 |   0.0
        D:7 |    1766 |       0 |   0.0 |      32 |       0 |   0.0
        D:8 |    1717 |     567 |  24.8 |      23 |       8 |  25.8
        D:9 |    2818 |     210 |   6.9 |      19 |       5 |  20.8
       D:10 |    2602 |       0 |   0.0 |      16 |       0 |   0.0
       D:11 |    1786 |     186 |   9.4 |      10 |       5 |  33.3
       D:12 |    4236 |       0 |   0.0 |      22 |       0 |   0.0
       D:13 |    7939 |    6300 |  44.2 |      26 |      21 |  44.7
       D:14 |    5689 |       0 |   0.0 |      13 |       0 |   0.0
       D:15 |   13924 |    6348 |  31.3 |      21 |       9 |  30.0
     Lair:1 |    3765 |    1455 |  27.9 |      15 |       1 |   6.2
     Lair:2 |    5249 |    1142 |  17.9 |      20 |       5 |  20.0
     Lair:3 |    8276 |    5083 |  38.0 |      29 |      16 |  35.6
     Lair:4 |   10866 |    3582 |  24.8 |      33 |       8 |  19.5
     Lair:5 |   11071 |    9971 |  47.4 |      42 |      28 |  40.0
   Shoals:1 |   17317 |       0 |   0.0 |      33 |       0 |   0.0
   Shoals:2 |    7019 |    3472 |  33.1 |      12 |       7 |  36.8
    Snake:1 |   13165 |   24094 |  64.7 |      25 |      38 |  60.3
    Snake:2 |   13992 |     782 |   5.3 |      22 |       1 |   4.3
    Snake:3 |   15783 |    1940 |  10.9 |      34 |       4 |  10.5
    Snake:4 |   19940 |   28102 |  58.5 |      31 |      43 |  58.1
      Orc:1 |    6333 |   12854 |  67.0 |      46 |      45 |  49.5
      Orc:2 |    3652 |   14888 |  80.3 |      35 |      37 |  51.4
   Vaults:1 |    6554 |    9719 |  59.7 |      11 |      12 |  52.2
    Abyss:2 |   10943 |       0 |   0.0 |      32 |       0 |   0.0
      IceCv |       0 |   12853 | 100.0 |       0 |      49 | 100.0
    Volcano |       0 |    6513 | 100.0 |       0 |      11 | 100.0
            +---------+---------+-------+---------+---------+-------

Skill      XL: |  1  2  3  4  5  6  7  8  9 10 11 12 13 14 15 16 17 18 |
---------------+-------------------------------------------------------+-----
Fighting       | 1 2 3 4 5 7 9 10 11 12 13 14 15 16 17 | 17.3
Unarmed Combat | 4 5 6 7 9 11 12 14 16 18 19 20 | 20.0
Shapeshifting  | 4 5 6 7 10 12 | 12.7
Throwing       | 1 4 6 9 11 12 | 12.7
Dodging        | 3 4 |  4.0
Armour         | 2 5 6 |  6.0
Translocations | 3 4 |  4.8
Air Magic      | 3 |  3.5

Action                     |  1- 3 |  4- 6 |  7- 9 | 10-12 | 13-15 | 16-18 || total
---------------------------+-------+-------+-------+-------+-------+-------++-------
  Melee: Unarmed           |   103 |   110 |   188 |   449 |   865 |  1046 ||  2761
         Punch             |       |       |     9 |    30 |   117 |   131 ||   287
  Throw: Dart              |       |       |     8 |    42 |     8 |    40 ||    98
         Boomerang         |       |       |       |     3 |       |       ||     3
         Large rock        |       |       |       |       |     3 |       ||     3
 Invoke: Serpent's Lash    |       |       |     1 |     6 |     8 |    13 ||    28
         Heavenly Storm    |       |       |       |     1 |       |       ||     1
Ability: Lunge             |    15 |    16 |    23 |    52 |   127 |   139 ||   372
         Whirlwind         |     4 |     2 |     7 |    42 |    23 |    66 ||   144
  Evoke: Wand              |       |       |       |     2 |     7 |     1 ||    10
    Use: Scroll            |       |     6 |     3 |     6 |     8 |    14 ||    37
         Potion            |       |       |       |     1 |     2 |     3 ||     6
   Stab: Sleeping          |     1 |       |       |       |       |       ||     1
         Petrified         |       |       |       |       |     6 |       ||     6
 Armour: Animal skin       |    54 |    52 |   126 |    98 |       |       ||   330
         Acid dragon scale |       |       |       |   199 |   222 |       ||   421
         Storm dragon scal |       |       |       |       |   516 |   763 ||  1279
         Skin              |       |       |       |       |    19 |       ||    19
  Dodge: Dodged            |    25 |    28 |    69 |   147 |   243 |   203 ||   715
   Form: Flux              |       |       |     1 |     2 |       |       ||     3
         Beast             |       |       |     1 |     2 |       |     2 ||     5
                           |       |       |       |       |       |     1 ||     1
         Dragon            |       |       |       |       |       |     1 ||     1

Illustrated notes

Table legend:
 A = Kills in this place as a percentage of kills in the entire game.
 B = Kills by you in this place as a percentage of kills by you in the entire game.
 C = Kills by friends in this place as a percentage of kills by friends in the entire game.
 D = Other kills in this place as a percentage of other kills in the entire game.
 E = Experience gained in this place as a percentage of experience gained in the entire game.
 F = Experience gained in this place divided by the number of levels of this place that you have seen.
                   A       B       C       D       E      F
               +-------+-------+-------+-------+-------+----------------------
         Total | 100.0 | 100.0 |   N/A |   N/A | 100.0 | 10594.9
       Dungeon |  32.5 |  32.5 |   N/A |   N/A |  16.9 | 3950.5
          Lair |  18.3 |  18.3 |   N/A |   N/A |  17.3 | 12092.0
        Shoals |   4.8 |   4.8 |   N/A |   N/A |   8.0 | 13904.0
     Snake Pit |  18.4 |  18.4 |   N/A |   N/A |  33.7 | 29449.5
  Orcish Mines |  15.2 |  15.2 |   N/A |   N/A |  10.8 | 18863.5
        Vaults |   2.1 |   2.1 |   N/A |   N/A |   4.7 | 16273.0
         Abyss |   3.0 |   3.0 |   N/A |   N/A |   3.1 | 10943.0
      Ice Cave |   4.6 |   4.6 |   N/A |   N/A |   3.7 | 12853.0
       Volcano |   1.0 |   1.0 |   N/A |   N/A |   1.9 | 6513.0
               +-------+-------+-------+-------+-------+----------------------

Table legend: (Time is in decaauts)
 A = Elapsed time spent in this place.
 B = Non-inter-level travel time spent in this place.
 C = Inter-level travel time spent in this place.
 D = Time resting spent in this place.
 E = Time spent auto-exploring this place.
 F = Levels seen in this place.
 G = Mean time per level.
                   A        B        C        D        E       F      G
               +--------+--------+--------+--------+--------+-----+--------+
         Total |  26259 |  23247 |   3012 |   1822 |   6498 |  33 |  795.7 |
       Dungeon |  12030 |  10840 |   1190 |    578 |   5417 |  15 |  802.0 |
        Temple |      1 |      1 |      0 |      0 |      0 |   1 |    1.0 |
          Lair |   4184 |   3484 |    700 |    240 |    130 |   5 |  836.8 |
        Shoals |   1091 |   1046 |     45 |    221 |      0 |   2 |  545.5 |
     Snake Pit |   5184 |   4304 |    880 |    512 |    507 |   4 | 1296.0 |
  Orcish Mines |   1808 |   1612 |    196 |     47 |    238 |   2 |  904.0 |
        Vaults |    312 |    312 |      0 |      2 |    125 |   1 |  312.0 |
         Abyss |    437 |    437 |      0 |    100 |      0 |   1 |  437.0 |
      Ice Cave |    970 |    970 |      0 |    103 |     81 |   1 |  970.0 |
       Volcano |    238 |    238 |      0 |     19 |      0 |   1 |  238.0 |
               +--------+--------+--------+--------+--------+-----+--------+

Top non-repeatable levels by time:
 Snake:4: 1763 daAuts
    D:13: 1353 daAuts
   Orc:1: 1292 daAuts
 Snake:2: 1265 daAuts
 Snake:1: 1095 daAuts
     D:4: 1076 daAuts
     D:8: 1059 daAuts
 Snake:3: 1059 daAuts
  Lair:4: 1023 daAuts
  Lair:3: 984 daAuts
   IceCv: 970 daAuts
     D:3: 967 daAuts
  Lair:5: 936 daAuts
    D:10: 923 daAuts
     D:1: 920 daAuts
